[Event "*** SCC Grand Prix: Titled Tuesday Blitz"]
[Site "Chess.com"]
[Date "2020.08.11"]
[Round "5"]
[White "TioCridineno"]
[Black "KyronGriffith"]
[Result "1-0"]
[WhiteElo "2213"]
[BlackElo "2339"]
[TimeControl "180+1"]
[EndTime "10:55:32 PDT"]
[Termination "TioCridineno won on time"]

1. e4 c6 2. c4 g6 3. d4 Bg7 4. Nc3 d6 5. f3 Nf6 6. Be3 a6 7. a4 a5 8. Qd2 Na6 9. Nge2 Nb4 10. Nc1 O-O 11. Nd3 Nxd3+ 12. Bxd3 Ne8 13. O-O Nc7 14.
Rad1 Na6 15. Na2 Bd7 16. b3 Qc7 17. Bc2 d5 18. Bd3 Be6 19. cxd5 cxd5 20. e5 Rfc8 21. Rc1 Qb6 22. Rxc8+ Rxc8 23. Nc1 Nb4 24. Bb1 Bf5 25.
Nd3 Nxd3 26. Bxd3 Qxb3 27. Bxf5 gxf5 28. Bh6 Qc3 29. Qf4 Rc4 30. Rd1 Qc2 31. Rd2 Qb1+ 32.
Kf2 Rc1 33. Qg5 Rf1+ 34. Kg3 Qe1+ 35. Kh3 Kf8 36. Qxg7+ Ke8 37. Qf8+ Kd7 38. Rc2 1-0

[Event "*** SCC Grand Prix: Titled Tuesday Blitz"]
[Site "Chess.com"]
[Date "2020.08.11"]
[Round "5"]
[White "GalperinPlaton"]
[Black "Alexander_Zubov"]
[Result "0-1"]
[WhiteElo "2609"]
[BlackElo "2824"]
[TimeControl "180+1"]
[EndTime "10:55:33 PDT"]
[Termination "Alexander_Zubov won on time"]

1. d4 Nf6 2. c4 g6 3. Nc3 d5 4. e3 Bg7 5. h4 c6 6. h5 Nxh5 7. cxd5 cxd5 8. Rxh5 gxh5 9. Qxh5 e6 10. Nf3 Nc6 11.
Bd3 h6 12. Bd2 Bd7 13. Rc1 Qe7 14. a3 O-O-O 15. Qh2 e5 16. Nxd5 Qd6 17. e4 Kb8 18. b4 Rc8 19. b5 Qxa3 20. bxc6 Qxd3 21. cxd7 Qxe4+ 22. Ne3 Rxc1+ 23. Bxc1 Rd8 24. Qg3 Bh8 25. Nxe5 Bxe5 26. Qxe5+ Qxe5 27. dxe5 Rxd7 28. g4 a5 29. f4 b5 30. Bd2 a4 31. Bb4 Rd4 32. Bd6+ Kb7 33.
f5 Kc6 34. g5 hxg5 35. Bf8 b4 36. e6 fxe6 37. f6 b3 38. Ba3 Rf4 39. Ng4 Rxg4 40. f7 Rf4 41. f8=Q Rxf8 42. Bxf8 b2 0-1

[Event "*** SCC Grand Prix: Titled Tuesday Blitz"]
[Site "Chess.com"]
[Date "2020.08.11"]
[Round "5"]
[White "Leonid_Starozhilov"]
[Black "FMJoseHerrera"]
[Result "1-0"]
[WhiteElo "2706"]
[BlackElo "2515"]
[TimeControl "180+1"]
[EndTime "10:55:33 PDT"]
[Termination "Leonid_Starozhilov won on time"]

1. c4 Nf6 2. Nf3 g6 3. g3 d6 4. Bg2 Nc6 5. O-O Bg7 6. Nc3 h5 7. h4 Bg4 8. d3 Qd7 9. Bg5 Bh3 10. Rb1 Bxg2 11. Kxg2 O-O 12. Bxf6 Bxf6 13. Ne4 Bg7 14. b4 f5 15. Neg5 e5 16. Qb3 Nd8 17. c5+ d5 18. e4 c6 19. Rfe1 Re8 20. b5 Kh8 21. a4 d4 22. bxc6 bxc6 23. Qc4 f4 24. a5 Rf8 25. a6 fxg3 26. fxg3 Qg4 27. Nh2 Qd7 28. Rf1 Bf6 29. Nhf3 Kg7 30. Rf2 Bxg5 31. Nxg5 Rxf2+ 32. Kxf2 Rc8 33. Kg2 Rc7 34. Rb8 Qe7 35. Rxd8 Kh6 36.
Rh8+ 1-0

[Event "*** SCC Grand Prix: Titled Tuesday Blitz"]
[Site "Chess.com"]
[Date "2020.08.11"]
[Round "5"]
[White "pavelalexandru07"]
[Black "rynos0411"]
[Result "1-0"]
[WhiteElo "2212"]
[BlackElo "2337"]
[TimeControl "180+1"]
[EndTime "10:55:33 PDT"]
[Termination "pavelalexandru07 won on time"]

1. e4 d6 2. d4 Nf6 3. Nc3 c6 4. Nf3 Qa5 5. Bd3 e5 6. O-O Be7 7.
a3 O-O 8. b4 Qc7 9. h3 Nbd7 10.
Bg5 a5 11. Rb1 Rd8 12. Ne2 Nf8 13. c4 h6 14. Bh4 Ng6 15. Bg3 Nh5 16. Bh2 axb4 17.
axb4 Nf6 18. Qb3 Bd7 19. Rfc1 Ra7 20. b5 cxb5 21. cxb5 Qb6 22. dxe5 dxe5 23. Bc4 Be6 24. Bxe6 fxe6 25. Nxe5 Nxe5 26. Bxe5 Nxe4 27. Bd4 Rxd4 28.
Nxd4 Kf7 29. Qf3+ Nf6 30. Ne2 Ra3 31. Rb3 Rxb3 32. Qxb3 Qd6 33. Ng3 g6 34. Re1 h5 35.
Qf3 Kg7 36. Qxb7 Nd5 37. Ne4 Qd8 38. Nc5 Kf8 39. Nxe6+ 1-0

[Event "*** SCC Grand Prix: Titled Tuesday Blitz"]
[Site "Chess.com"]
[Date "2020.08.11"]
[Round "5"]
[White "Ariadna_Atreides"]
[Black "Bastiandash"]
[Result "1-0"]
[WhiteElo "2053"]
[BlackElo "2286"]
[TimeControl "180+1"]
[EndTime "10:55:33 PDT"]
[Termination "Ariadna_Atreides won by checkmate"]

1. d4 Nf6 2. Nf3 e6 3. e3 c5 4.
Bd3 b6 5. b3 Bb7 6. Bb2 Qc7 7.
Nbd2 d6 8. O-O Nbd7 9. Qe2 g5 10. Nxg5 Rg8 11. Ngf3 Nd5 12. a3 Be7 13. c4 N5f6 14.
Rac1 Rc8 15. b4 h5 16. e4 cxd4 17. Nxd4 Ne5 18. Nb5 Qb8 19. f4 Nxd3 20. Qxd3 a6 21. Nd4 h4 22. N2f3 Nh5 23. Ne2 Qa8 24. e5 Rd8 25. exd6 Bxd6 26. Qe3 Ng7 27. Bxg7 Rxg7 28. f5 Ke7 29. Qh6 Bxf3 30. Qxg7 Bxe2 31. fxe6 Rf8 32.
Rxf7+ Rxf7 33. Qxf7+ Kd8 34. Qd7# 1-0

[Event "*** SCC Grand Prix: Titled Tuesday Blitz"]
[Site "Chess.com"]
[Date "2020.08.11"]
[Round "5"]
[White "AJSC02"]
[Black "ailime26"]
[Result "1-0"]
[WhiteElo "2261"]
[BlackElo "1899"]
[TimeControl "180+1"]
[EndTime "10:55:33 PDT"]
[Termination "AJSC02 won by checkmate"]

1. e4 c5 2. Nf3 Nc6 3. c3 e6 4. d4 d5 5. exd5 exd5 6. Bb5 Be7 7. O-O Nf6 8. dxc5 O-O 9. Be3 a6 10. Bd3 Ng4 11. Bd4 Nf6 12. h3 Ne4 13. Nbd2 Bf5 14. Qc2 Nxd2 15. Qxd2 Be4 16. Qe3 f5 17. Ne5 Nxe5 18.
Bxe5 Bxc5 19. Qxc5 Bxd3 20. Rfd1 Rc8 21. Qd4 Bc4 22.
Bxg7 Rf7 23. Be5 Qg5 24. b3 Bb5 25. Bf4 Qg6 26. Re1 Rg7 27. g3 Rd7 28. Re5 Bc6 29.
Rae1 Qh5 30. Kh2 Qf7 31. Re6 Rf8 32. Bh6 Rc8 33. Rf6 Qh5 34. Re5 Rf7 35. Rexf5 Qxh6 36. Rxf7 Re8 37. R7f6 Qg7 38. Rf4 Re4 39. Rxe4 dxe4 40. Qd8+ Be8 41. Qxe8+ Qf8 42. Qxf8# 1-0

[Event "*** SCC Grand Prix: Titled Tuesday Blitz"]
[Site "Chess.com"]
[Date "2020.08.11"]
[Round "5"]
[White "Ave_Mariia"]
[Black "Alex_Belezky"]
[Result "1-0"]
[WhiteElo "2395"]
[BlackElo "2485"]
[TimeControl "180+1"]
[EndTime "10:55:34 PDT"]
[Termination "Ave_Mariia won by checkmate"]

1. d4 Nf6 2. c4 e6 3. g3 Bb4+ 4. Bd2 Qe7 5. Nf3 Nc6 6. Nc3 Bxc3 7. Bxc3 Ne4 8. Rc1 Nxc3 9. Rxc3 d6 10. Bg2 O-O 11.
O-O e5 12. d5 Nb8 13. b4 a5 14. a3 Na6 15. Qb3 Bg4 16. e3 Bxf3 17. Bxf3 b6 18.
Rfc1 axb4 19. axb4 Nb8 20. c5 bxc5 21. bxc5 Nd7 22.
cxd6 cxd6 23. Rc7 Qd8 24. R1c6 Nc5 25. Qb6 Ra6 26. Qb5 Ra2 27. Rxc5 dxc5 28. Qxc5 e4 29. Bxe4 Qf6 30. Bc2 Qf3 31. Qc3 g6 32. e4 Qe2 33.
Kg2 Re8 34. Qf6 Rf8 35. Bb3 Rb2 36. Bc4 Qxe4+ 37. Kh3 h5 38. d6 Qg4+ 39. Kg2 Qe4+ 40. Kh3 Rd2 41. Bxf7+ Rxf7 42. Qxf7+ Kh8 43. Qh7# 1-0

[Event "*** SCC Grand Prix: Titled Tuesday Blitz"]
[Site "Chess.com"]
[Date "2020.08.11"]
[Round "5"]
[White "Fischerev7"]
[Black "Matols"]
[Result "1/2-1/2"]
[WhiteElo "2411"]
[BlackElo "2216"]
[TimeControl "180+1"]
[EndTime "10:55:34 PDT"]
[Termination "Game drawn by repetition"]

1. e4 e6 2. d4 d5 3. Nc3 Nf6 4. Bg5 Bb4 5. e5 h6 6. Bd2 Bxc3 7. bxc3 Ne4 8. Qg4 Kf8 9. Bd3 Nxd2 10. Kxd2 c5 11.
Nf3 c4 12. Be2 Nc6 13. h4 Bd7 14. Qf4 Ne7 15. Rhb1 b5 16. g4 a5 17. h5 Kg8 18.
a3 Kh7 19. g5 Nf5 20. gxh6 Nxh6 21. Rg1 Nf5 22. Rg5 b4 23. axb4 axb4 24. Rxa8 bxc3+ 25. Kxc3 Qxa8 26. Kd2 c3+ 27. Ke1 Rb8 28. Kf1 Bb5 29.
Bxb5 Rxb5 30. Rxf5 exf5 31. Qxf5+ Kg8 32. h6 Qc6 33.
hxg7 Rb1+ 34. Ke2 Qa6+ 35. Ke3 Qh6+ 36. Ng5 Re1+ 37. Kd3 Qa6+ 38. Kxc3 Qc4+ 39. Kd2 Qe2+ 40. Kc3 Qc4+ 41. Kd2 Qe2+ 42. Kc3 Qc4+ 1/2-1/2

[Event "*** SCC Grand Prix: Titled Tuesday Blitz"]
[Site "Chess.com"]
[Date "2020.08.11"]
[Round "5"]
[White "GiantThresher"]
[Black "PSvidler"]
[Result "0-1"]
[WhiteElo "2719"]
[BlackElo "2934"]
[TimeControl "180+1"]
[EndTime "10:55:36 PDT"]
[Termination "PSvidler won by resignation"]

1. e4 c5 2. Nc3 e6 3. Nf3 a6 4. d4 cxd4 5. Nxd4 b5 6. Bd3 Qb6 7. Nf3 Nc6 8. O-O Qb8 9. Re1 Nge7 10. Be3 Ng6 11. Nd5 exd5 12. exd5 Nce7 13. Bxg6 Qd6 14. Be4 Bb7 15. b4 Qxb4 16. d6 Bxe4 17. dxe7 Bxe7 18. Bd4 d5 19. c3 Qd6 20. Bxg7 Rg8 21. Be5 Qg6 22.
Bg3 Rc8 23. Ne5 Qf5 24. f3 Rxg3 25. fxe4 Qxe5 26. hxg3 dxe4 27. Qg4 Rc4 28. Rad1 Kf8 29. Rf1 e3 30. Qf5 Qxf5 31. Rxf5 Rxc3 32. Re5 Rc2 33. Rd7 Bc5 34. Kh2 e2 35. Rc7 Bg1+ 36. Kxg1 Rxc7 37.
Rxe2 Rc4 38. Kf2 Ra4 39. Kf3 Kg7 40. g4 Kg6 41. Kg3 f6 42. Rc2 h6 43. Rd2 b4 44.
Kh4 a5 45. Rc2 Ra3 46. Re2 Rc3 47. Re7 Rc2 0-1

[Event "*** SCC Grand Prix: Titled Tuesday Blitz"]
[Site "Chess.com"]
[Date "2020.08.11"]
[Round "5"]
[White "korkmaz16"]
[Black "Chesswizard_2007"]
[Result "1/2-1/2"]
[WhiteElo "2349"]
[BlackElo "2500"]
[TimeControl "180+1"]
[EndTime "10:55:36 PDT"]
[Termination "Game drawn by repetition"]

1. d4 Nf6 2. Nf3 c5 3. d5 d6 4. c4 g6 5. Nc3 Bg7 6. Bg5 O-O 7. e3 e6 8. Be2 h6 9. Bh4 exd5 10.
cxd5 a6 11. a4 Qe8 12. Nd2 Nbd7 13. O-O Ne5 14. Qc2 Bf5 15. e4 Bg4 16. f3 Bd7 17. a5 Nh7 18. Rae1 f5 19. f4 Ng4 20. Bxg4 fxg4 21. Nc4 Bd4+ 22. Kh1 g5 23. fxg5 Qh5 24.
Bg3 Nxg5 25. Nxd6 Nf3 26. gxf3 gxf3 27. Nf5 Bxf5 28. exf5 Rxf5 29. Qe4 Raf8 30. d6 f2 31. Qe6+ Kh8 32. Re3 R5f6 33. Be5 Bxe3 34. Bxf6+ Kh7 35.
Qe4+ Kg8 36. Qxe3 Rxf6 37. Rxf2 Rxd6 38. Rg2+ Kh8 39. Qg3 Qf7 40. Qxd6 Qf1+ 41. Rg1 Qf3+ 42. Rg2 Qf1+ 43. Rg1 Qf3+ 44. Rg2 Qf1+ 1/2-1/2

[Event "*** SCC Grand Prix: Titled Tuesday Blitz"]
[Site "Chess.com"]
[Date "2020.08.11"]
[Round "5"]
[White "secretsuperstar7"]
[Black "chenxiaoyuer"]
[Result "1-0"]
[WhiteElo "2129"]
[BlackElo "2454"]
[TimeControl "180+1"]
[EndTime "10:55:36 PDT"]
[Termination "secretsuperstar7 won by checkmate"]

1. d4 Nf6 2. c4 g6 3. Nc3 Bg7 4. e4 d6 5. Nf3 O-O 6. Be2 e5 7. d5 a5 8. h3 Na6 9. Bg5 h6 10. Be3 Nh5 11. g3 f5 12. exf5 gxf5 13. Nh4 Nf6 14. Qd2 Kh7 15. O-O-O Qe8 16. Qc2 e4 17. Rhe1 Nd7 18. f3 Ndc5 19. fxe4 fxe4 20. Bf1 Nb4 21. Qb1 Rxf1 22. Rxf1 Ncd3+ 23. Kd2 Bxh3 24. Rh1 Bg4 25. Rdf1 Qe5 26. a3 Na6 27. Nxe4 Kh8 28. Qxd3 Qxb2+ 29. Qc2 Qxa3 30. Nf5 Nb4 31. Qb1 Be5 32.
Rxh6+ Kg8 33. Ne7+ Kg7 34. Nf6 Bxf6 35. Qg6+ Kf8 36. Rxf6+ Kxe7 37. Qf7+ Kd8 38. Rh8# 1-0

[Event "*** SCC Grand Prix: Titled Tuesday Blitz"]
[Site "Chess.com"]
[Date "2020.08.11"]
[Round "5"]
[White "1f3_2g41-0"]
[Black "Mikhail_Golubev"]
[Result "1-0"]
[WhiteElo "2431"]
[BlackElo "2582"]
[TimeControl "180+1"]
[EndTime "10:55:37 PDT"]
[Termination "1f3_2g41-0 won on time"]

1. e4 c5 2. Nf3 d6 3. d4 Nf6 4. dxc5 Nxe4 5. cxd6 Nc6 6. Bd3 Nxd6 7. O-O g6 8. Re1 Bg7 9. c3 O-O 10. Bg5 Re8 11.
Nbd2 Bf5 12. Bxf5 Nxf5 13. Qb3 Qc7 14. Rad1 h6 15. Be3 Nxe3 16. Rxe3 Rad8 17. Rde1 e6 18.
h4 Rd5 19. Ne4 Red8 20. Ng3 Na5 21. Qb4 Nc4 22. Re4 b5 23. a4 a6 24. axb5 axb5 25. Qb3 Qc5 26. Ne2 Nd2 27. Nxd2 Rxd2 28. Qb4 Qf5 29. Rf4 Qc2 30. Qxb5 Qxb2 31. Qc4 Rd1 32. Rxd1 Rxd1+ 33. Kh2 Be5 34. Qc8+ Kg7 35. Qc4 Bxf4+ 36. Nxf4 Qxf2 37. Qc7 Qg1+ 38. Kh3 Qe3+ 39. Kh2 Qe1 40. h5 1-0

[Event "*** SCC Grand Prix: Titled Tuesday Blitz"]
[Site "Chess.com"]
[Date "2020.08.11"]
[Round "5"]
[White "Savva09022009"]
[Black "KingChess345"]
[Result "0-1"]
[WhiteElo "2326"]
[BlackElo "2185"]
[TimeControl "180+1"]
[EndTime "10:55:38 PDT"]
[Termination "KingChess345 won by checkmate"]

1. e4 c5 2. Nf3 Nc6 3. d4 cxd4 4. Nxd4 Nf6 5. Nc3 e5 6. Ndb5 d6 7. Bg5 a6 8. Na3 b5 9. Bxf6 gxf6 10. Nd5 Bg7 11.
g3 f5 12. Bg2 O-O 13. exf5 Bxf5 14. Ne3 Bd7 15. c3 Qe7 16. O-O f5 17. Nd5 Qd8 18. Nc2 Rc8 19. Qd2 Kh8 20. Rad1 a5 21. Nce3 f4 22. Nc2 f3 23. Bh1 e4 24. Rfe1 Bf5 25.
Nce3 Bg6 26. a4 bxa4 27. Nc4 Ne5 28. Nxe5 Bxe5 29. Ne3 Qd7 30. Qd5 Qh3 31. Nc4 Rc5 32. Nxe5 Rxd5 33. Nxg6+ hxg6 34. Rxd5 Rf7 35. Rxd6 Rh7 36.
Rd8+ Kg7 37. Rd7+ Qxd7 38. c4 Qh3 39. Rd1 Qxh2+ 40. Kf1 Qxh1# 0-1

[Event "*** SCC Grand Prix: Titled Tuesday Blitz"]
[Site "Chess.com"]
[Date "2020.08.11"]
[Round "5"]
[White "gagtemp"]
[Black "ferch1ni"]
[Result "0-1"]
[WhiteElo "1961"]
[BlackElo "2278"]
[TimeControl "180+1"]
[EndTime "10:55:38 PDT"]
[Termination "ferch1ni won by checkmate"]

1. e4 c5 2. Nf3 Nc6 3. d4 cxd4 4. Nxd4 Nf6 5. Nc3 e6 6. Be3 Be7 7. Bd3 O-O 8. O-O a6 9. f4 d6 10. Kh1 Qc7 11. Qe1 Nxd4 12. Bxd4 e5 13. fxe5 dxe5 14. Qg3 Bd6 15. Be3 b5 16. Rxf6 Bc5 17. Nd5 Qa7 18.
Bxc5 Qxc5 19. b4 Qa7 20. Raf1 Be6 21. R6f3 Kh8 22. Qh4 f5 23. Rg3 Bxd5 24. exd5 e4 25. Rh3 h6 26. Be2 Qd4 27. Rd1 Qxb4 28. d6 Qc5 29.
Rg3 Qxc2 30. Qe7 Rg8 31. Bh5 f4 32. Rh3 f3 33. Rg1 f2 34. Rf1 Qc4 35. Rd1 f1=Q+ 36. Rxf1 Qxf1# 0-1

[Event "*** SCC Grand Prix: Titled Tuesday Blitz"]
[Site "Chess.com"]
[Date "2020.08.11"]
[Round "5"]
[White "ChessAurochs"]
[Black "baki83"]
[Result "1/2-1/2"]
[WhiteElo "2570"]
[BlackElo "2720"]
[TimeControl "180+1"]
[EndTime "10:55:40 PDT"]
[Termination "Game drawn by repetition"]

1. e4 e6 2. d4 d5 3. Nc3 Nf6 4. e5 Nfd7 5. f4 c5 6. Nf3 Nc6 7. Be3 a6 8. Qd2 b5 9. a3 Bb7 10. Bd3 Qc7 11. O-O cxd4 12. Nxd4 Nxd4 13. Bxd4 Nc5 14.
Qe3 g6 15. b4 Nd7 16. Rfb1 Be7 17. a4 bxa4 18. Nxa4 O-O 19. Nc5 Nxc5 20. Bxc5 Rfc8 21. Bxe7 Qxe7 22. Ra5 Qc7 23. Qd4 Rab8 24. Rba1 Qc6 25. Rc5 Qd7 26. Raa5 Rxc5 27. Qxc5 Rc8 28. Qd6 Qe8 29.
Rc5 Kg7 30. Bxa6 Bxa6 31. Qxa6 Ra8 32. Qc6 Ra1+ 33. Kf2 Qd8 34. g3 d4 35. Qd6 Qa8 36. Rc7 Qh1 37. Rxf7+ Kxf7 38. Qd7+ Kg8 39. Qe8+ Kg7 40.
Qe7+ Kh6 41. Qg5+ Kg7 42. Qe7+ Kg8 43. Qe8+ Kg7 44. Qe7+ 1/2-1/2

[Event "*** SCC Grand Prix: Titled Tuesday Blitz"]
[Site "Chess.com"]
[Date "2020.08.11"]
[Round "5"]
[White "dretch"]
[Black "Koksik_13"]
[Result "0-1"]
[WhiteElo "2779"]
[BlackElo "2616"]
[TimeControl "180+1"]
[EndTime "10:55:41 PDT"]
[Termination "Koksik_13 won on time"]

1. d4 e6 2. c4 d5 3. Nc3 a6 4.
cxd5 exd5 5. Bf4 c6 6. e3 Nf6 7. Bd3 Bd6 8. Bxd6 Qxd6 9. Nge2 O-O 10. O-O Re8 11. Ng3 Nbd7 12. Nf5 Qc7 13. Qf3 Nf8 14.
Qg3 Qxg3 15. Nxg3 g6 16. Na4 h5 17. Nb6 Rb8 18. Nxc8 Rbxc8 19. Rfc1 Kg7 20. a4 a5 21. Ra3 Ne6 22. Rac3 h4 23. Nf1 Re7 24. Nd2 Ne8 25. Nb3 Ra8 26. Nc5 Nxc5 27. Rxc5 Nd6 28. g3 f5 29. Kg2 Kf6 30. gxh4 Rh7 31. Kg3 Rah8 32. Rxa5 Rxh4 33. Rh1 Rh3+ 34. Kg2 f4 35. Be2 fxe3 36. fxe3 Nf5 37. Kf2 Rxh2+ 38. Rxh2 Rxh2+ 39. Ke1 Nxe3 40. Ra7 Nc2+ 41. Kf1 Nxd4 42. Bg4 Rxb2 43. Bc8 b6 44. Rb7 Ra2 45. Rxb6 Rxa4 46. Bd7 Rc4 47. Kf2 Ke5 48. Rb8 g5 49. Rg8 Rc2+ 50. Ke3 Rc3+ 51. Kd2 Rg3 52. Rg6 c5 53. Ke1 c4 54. Kf2 Rf3+ 55. Ke1 Rf7 56.
Bc8 Kf4 0-1

[Event "*** SCC Grand Prix: Titled Tuesday Blitz"]
[Site "Chess.com"]
[Date "2020.08.11"]
[Round "5"]
[White "Terao90"]
[Black "Nikolaj_6"]
[Result "0-1"]
[WhiteElo "2328"]
[BlackElo "2616"]
[TimeControl "180+1"]
[EndTime "10:55:41 PDT"]
[Termination "Nikolaj_6 won by resignation"]

1. e4 c5 2. Nf3 d6 3. d4 cxd4 4. Nxd4 Nf6 5. Nc3 a6 6. Be2 e5 7.
Nf3 Be7 8. Bg5 Nbd7 9. Nd2 b5 10. a3 Bb7 11. Bf3 Rc8 12. O-O O-O 13. Re1 Bc6 14. Nf1 Qc7 15. Ne3 g6 16. Re2 Qb7 17. Rd2 Rfe8 18. Bxf6 Nxf6 19. Ned5 Nxd5 20. Nxd5 Bg5 21.
Rd3 a5 22. c3 Kg7 23. g3 h5 24. h4 Bd8 25. Kg2 Rb8 26. Qc2 Rf8 27. Rad1 Bxd5 28.
Rxd5 Be7 29. Qe2 b4 30. axb4 axb4 31. c4 Rbc8 32. Rb5 Qa7 33. Rdd5 Qa4 34. Qd3 b3 35. Qxb3 Rxc4 36. Qxa4 Rxa4 37. Rb7 Re8 38. b4 Ra2 39. Ra5 Rb2 40. Raa7 Kf6 41. b5 Ke6 42. g4 hxg4 43.
Bxg4+ f5 44. Bf3 Bxh4 45. Rg7 Rxf2+ 46. Kh3 Bf6 47. Rxg6 Rxf3+ 48. Kg2 Rf4 49. exf5+ Kxf5 0-1

[Event "*** SCC Grand Prix: Titled Tuesday Blitz"]
[Site "Chess.com"]
[Date "2020.08.11"]
[Round "5"]
[White "Ural_bogatyr"]
[Black "Maksimus1998"]
[Result "0-1"]
[WhiteElo "2364"]
[BlackElo "2522"]
[TimeControl "180+1"]
[EndTime "10:55:42 PDT"]
[Termination "Maksimus1998 won on time"]

1. e4 c5 2. Nf3 a6 3. c3 g6 4. d4 cxd4 5. cxd4 d5 6. e5 Nc6 7. Nc3 Bg4 8. Be2 Bg7 9. O-O e6 10.
Na4 Nge7 11. b3 O-O 12. Bb2 b6 13. h3 Bxf3 14. Bxf3 Qb8 15. Rc1 Rc8 16. Be2 Bh6 17. Rc2 Qb7 18. a3 Na5 19. Rxc8+ Rxc8 20. Qd3 b5 21.
Nc5 Qa7 22. Bc1 Bxc1 23. Rxc1 Nb7 24. b4 Nxc5 25. dxc5 Nc6 26. f4 Qc7 27. g4 f6 28.
exf6 Qxf4 29. Rf1 Qd4+ 30. Qxd4 Nxd4 31. Bd3 Kf7 32. g5 e5 33. Rd1 Ne6 34. h4 h6 35. gxh6 Kxf6 36. Be2 Nf4 37. Bf3 e4 38. Bh1 Ke5 39. Kf2 Rh8 40. Kg3 Rxh6 41. Rf1 Ne2+ 42. Kg4 d4 43. Rf8 d3 44. Re8+ Kd4 0-1

[Event "*** SCC Grand Prix: Titled Tuesday Blitz"]
[Site "Chess.com"]
[Date "2020.08.11"]
[Round "5"]
[White "czasnaszachy"]
[Black "sertalzin"]
[Result "1-0"]
[WhiteElo "2217"]
[BlackElo "1835"]
[TimeControl "180+1"]
[EndTime "10:55:42 PDT"]
[Termination "czasnaszachy won on time"]

1. d4 d5 2. c4 c6 3. c5 e5 4. e3 e4 5. Nc3 f5 6. Nge2 Nf6 7. Ng3 b6 8. cxb6 axb6 9. Be2 Bd6 10. O-O O-O 11. a3 Be6 12. Bd2 Nbd7 13. Nh5 Nxh5 14.
Bxh5 f4 15. exf4 Bxf4 16. Bxf4 Rxf4 17. Ne2 Rf8 18. Ng3 c5 19. Rc1 c4 20. Bg4 Qe7 21. Re1 Bxg4 22. Qxg4 Nf6 23. Qg5 h6 24.
Qg6 Qf7 25. Qxf7+ Kxf7 26. Nf5 h5 27. Rc3 g6 28. Ne3 b5 29. Rf1 Ke6 30. Nc2 Ne8 31.
Re3 Nd6 32. f3 Kd7 33. Nb4 exf3 34. Rexf3 Rxf3 35. Rxf3 Nf5 36. Nxd5 Nxd4 37. Nb6+ 1-0

[Event "*** SCC Grand Prix: Titled Tuesday Blitz"]
[Site "Chess.com"]
[Date "2020.08.11"]
[Round "5"]
[White "swimmerchess"]
[Black "Colchonero64"]
[Result "1-0"]
[WhiteElo "2844"]
[BlackElo "2912"]
[TimeControl "180+1"]
[EndTime "10:55:43 PDT"]
[Termination "swimmerchess won on time"]

1. e4 c5 2. Nf3 e6 3. d4 cxd4 4. Nxd4 a6 5. Nc3 b5 6. Bd3 Qb6 7. Nf3 Qc7 8. O-O Bb7 9. Re1 Be7 10. Bd2 Nc6 11. a4 bxa4 12. Rxa4 d6 13. Nd5 exd5 14. exd5 Ne5 15. Bc3 Nxf3+ 16. Qxf3 Kf8 17. Qg3 Nf6 18.
Rae4 Re8 19. Bxf6 gxf6 20. Qf4 h5 21. Qf5 Bc8 22. Qf3 Bg4 23. Qf4 Qd7 24. R1e3 Bf5 25. Rxe7 Rxe7 26. Bxf5 Rxe3 27. fxe3 Qe7 28. Kf2 Qe5 29.
Qf3 Qxb2 30. Bd3 a5 31. Qf4 Qe5 32. Qc4 Kg7 33. g3 Re8 34. e4 f5 35. exf5 Qe3+ 36.
Kg2 Qd2+ 37. Kh3 Re1 38. Qd4+ Kg8 39. f6 Qe3 40. Qc4 Qe8 41. Qf4 Qe5 42. Qh6 1-0

[Event "*** SCC Grand Prix: Titled Tuesday Blitz"]
[Site "Chess.com"]
[Date "2020.08.11"]
[Round "5"]
[White "warmoatmeal"]
[Black "FMalexhdez"]
[Result "0-1"]
[WhiteElo "2329"]
[BlackElo "2199"]
[TimeControl "180+1"]
[EndTime "10:55:43 PDT"]
[Termination "FMalexhdez won by checkmate"]

1. d4 Nf6 2. Nf3 e6 3. Bg5 d5 4. e3 Be7 5. Nbd2 Nbd7 6. Bd3 O-O 7. c3 b6 8. Ne5 Bb7 9. f4 c5 10. Qf3 Re8 11. O-O Nf8 12. Qh3 Ng6 13. Rae1 Ne4 14.
Bxe7 Qxe7 15. Nxe4 dxe4 16. Bb5 Red8 17. Rf2 f5 18. Qh5 cxd4 19. exd4 Nxe5 20. fxe5 Qf7 21. Qh4 Rf8 22. Rf4 h6 23. Rf2 f4 24. Ba4 e3 25.
Rxe3 fxe3 26. Rxf7 Rxf7 27. Qe1 Raf8 28. Bb5 Rf2 29. Bf1 e2 30. Qxf2 exf1=Q+ 31. Qxf1 Rxf1+ 32. Kxf1 Kf7 33. g3 Kg6 34. Kf2 Kf5 35. c4 Ke4 36. d5 Kxe5 37. dxe6 Kxe6 38. Ke3 Ke5 39. b3 g5 40. a3 a5 41. b4 axb4 42. axb4 g4 43. c5 bxc5 44. bxc5 Bg2 45. Kd3 Kd5 46. Ke3 Kxc5 47. Kf4 Bh3 48. Kf5 Kd4 49. Kg6 Ke3 50. Kxh6 Kf3 51. Kg5 Kg2 52. Kf5 Kxh2 53. Kf4 Kg2 54.
Ke4 Kxg3 55. Ke3 Kg2 56. Ke2 g3 57. Ke3 Kf1 58. Kf4 g2 59. Kg5 g1=Q+ 60. Kf6 Qg4 61. Ke5 Qe6+ 62. Kd4 Ke2 63. Kc5 Qd7 64. Kb6 Kd3 65. Kc5 Be6 66. Kb6 Qc8 67. Kb5 Bd7+ 68. Kb6 Kd4 69. Ka7 Qc7+ 70. Ka8 Bc6# 0-1

[Event "*** SCC Grand Prix: Titled Tuesday Blitz"]
[Site "Chess.com"]
[Date "2020.08.11"]
[Round "5"]
[White "Gabix_94"]
[Black "Firouzja2003"]
[Result "1-0"]
[WhiteElo "2870"]
[BlackElo "3029"]
[TimeControl "180+1"]
[EndTime "10:55:44 PDT"]
[Termination "Gabix_94 won by checkmate"]

1. Nf3 d5 2. d4 Nf6 3. c4 e6 4.
Nc3 Be7 5. Bf4 O-O 6. e3 Nbd7 7. c5 Ne4 8. Qc2 f5 9. h4 c6 10. Be2 b6 11. cxb6 axb6 12. Nxe4 fxe4 13. Ng5 Bb4+ 14.
Kf1 e5 15. dxe5 Nc5 16. a3 h6 17. Rd1 hxg5 18. Bxg5 Qe8 19. axb4 Nd3 20. Bxd3 exd3 21.
Qd2 Qxe5 22. Bf4 Qe6 23. f3 Ba6 24. h5 d4 25. e4 Kh7 26. Kg1 c5 27. Rh4 c4 28.
Rc1 Bb5 29. Rg4 Ra2 30. Bg3 c3 31. Qg5 Qh6 32. Qxb5 d2 33. Rf1 c2 34. Qd3 c1=Q 35. e5+ Kh8 36. Rxd4 d1=Q 37. Rxd1 Qce3+ 38. Qxe3 Qxe3+ 39. Bf2 Qxe5 40. h6 Rxb2 41. Rd7 Kg8 42. Rxg7+ Kh8 43.
Bd4 Qe2 44. Rf7+ Kg8 45. Rg7+ Kh8 46. Re7+ Kg8 47. h7# 1-0

[Event "*** SCC Grand Prix: Titled Tuesday Blitz"]
[Site "Chess.com"]
[Date "2020.08.11"]
[Round "5"]
[White "Fy_Rakotomaharo"]
[Black "carlsen1001"]
[Result "0-1"]
[WhiteElo "2656"]
[BlackElo "2407"]
[TimeControl "180+1"]
[EndTime "10:55:44 PDT"]
[Termination "carlsen1001 won by resignation"]

1. e4 c5 2. Nf3 Nc6 3. Bb5 g6 4. Bxc6 dxc6 5. d3 Bg7 6. h3 e5 7. Nc3 Ne7 8. Be3 b6 9. a3 h6 10. b4 cxb4 11. axb4 O-O 12. Qd2 g5 13. h4 g4 14. Nh2 Kh7 15. O-O f5 16. f4 Ng6 17.
Ne2 fxe4 18. fxe5 exd3 19. Rxf8 Qxf8 20. cxd3 Bxe5 21. d4 Bg7 22. Rf1 Qe7 23. Qc2 Qxe3+ 24. Kh1 h5 25. Nf4 Qe8 26. Nxh5 Kg8 27. Rf6 Nxh4 28. Nxg7 Kxg7 29. Qf2 Ng6 30. Nf1 Be6 31. Ng3 Qh8+ 32. Kg1 Rf8 33. Ne4 Bd5 34. Rxf8 Qxf8 35.
Qe2 Qf4 36. Nf2 Qxd4 37. g3 Qa1+ 38. Kh2 Qe5 39. Qd2 Nh4 40. Qc2 Nf3+ 41. Kg2 Ne1+ 0-1

[Event "*** SCC Grand Prix: Titled Tuesday Blitz"]
[Site "Chess.com"]
[Date "2020.08.11"]
[Round "5"]
[White "Thipsay"]
[Black "ahachess"]
[Result "0-1"]
[WhiteElo "2476"]
[BlackElo "2296"]
[TimeControl "180+1"]
[EndTime "10:55:45 PDT"]
[Termination "ahachess won on time"]

1. e4 c6 2. d4 d5 3. Nc3 dxe4 4. Nxe4 Bf5 5. Ng3 Bg6 6. Nf3 Nd7 7. Bd3 Bxd3 8. Qxd3 Ngf6 9. O-O e6 10. b3 Bd6 11.
Bb2 O-O 12. c4 Re8 13. Rad1 Qc7 14. Rfe1 Rad8 15. Qe2 Bb4 16. Rf1 Bd6 17. Ne4 Be7 18.
Neg5 h6 19. Nxe6 fxe6 20. Qxe6+ Kh8 21. Nh4 Nf8 22. Qh3 Qd7 23. Nf5 Bb4 24. d5 N8h7 25. d6 Ng5 26. Qd3 Nge4 27. Ne7 Qxd6 28. Ng6+ Kh7 29.
Qc2 Qe6 30. Rxd8 Rxd8 31. Bxf6 Qxf6 32. Qxe4 Qxg6 33. Qf3 Rf8 34. Qe2 Bd6 35. g3 Bc5 36.
Kg2 Re8 37. Qd2 Qe4+ 38. Kh3 Re5 39. f3 Qe2 40. Qxe2 Rxe2 41. Rd1 Rxa2 42. Rd7 b6 43. Kg4 a5 0-1